 Dungeon Crawl Stone Soup version 0.26.1-11-gd32895ea62 (webtiles) character file.

Game seed: 12952718364372271598

1943 Gwenloh the Spear-Bearer (level 9, 0/61 HPs)
             Began as a Merfolk Gladiator on May 22, 2021.
             Slain by Harold
             ... wielding a +0 scimitar
              (19 damage)
             ... on level 6 of the Dungeon.
             The game lasted 00:21:15 (8662 turns).

Gwenloh the Spear-Bearer (Merfolk Gladiator)        Turns: 8662, Time: 00:21:16

Health: 0/61       AC:  9    Str: 14    XL:     9   Next: 18%
Magic:  9/9        EV: 17    Int:  8    God:
Gold:   415        SH:  0    Dex: 18    Spells: 8/8 levels left

rFire    + . .     SeeInvis .   a - +2 trident
rCold    . . .     Faith    .   (no shield)
rNeg     . . .     Spirit   .   b - +0 swamp dragon scales
rPois    +         Reflect  .   c - +0 helmet
rElec    .         Harm     .   (no cloak)
rCorr    .         Rampage  .   p - +0 pair of gloves
Will     .....                  (no boots)
Stlth    +.........             (no amulet)
HPRegen  0.20/turn              o - ring of protection from fire
MPRegen  0.11/turn              (no ring)

@: marked
A: change form in water, swift swim, stealthy swim
a: no special abilities


You were on level 6 of the Dungeon.
You visited 1 branch of the dungeon, and saw 7 of its levels.

You collected 415 gold pieces.

Inventory:

Hand Weapons
 a - a +2 trident (weapon)
 n - the +4 hunting sling "Gunuorch" {vorpal, rF+ Str+9 Int-2 Stlth+}
   (You took it off a gnoll on level 6 of the Dungeon)

   Any stone fired from it inflicts extra damage.
   It affects your strength (+9).
   It affects your intelligence (-2).
   It protects you from fire.
   It makes you more stealthy.
 r - a +0 club
Missiles
 d - 2 throwing nets
 e - 13 javelins
 h - 6 poisoned darts (quivered)
 q - 2 boomerangs
 t - 20 sling bullets
 C - 136 stones
Armour
 b - +0 swamp dragon scales (worn)
 c - a +0 helmet (worn)
 p - a +0 pair of gloves (worn)
 y - a +3 leather armour of cold resistance
 B - the +1 ring mail of Zasmiptia {rN++}
   (You found it on level 5 of the Dungeon)

   It greatly protects you from negative energy.
Jewellery
 g - an uncursed ring of wizardry
 o - a ring of protection from fire (left hand)
Wands
 w - a wand of polymorph (8)
Scrolls
 f - 4 scrolls of teleportation
 i - 4 scrolls of remove curse
 u - a scroll of amnesia
 z - 2 scrolls of fear
Potions
 j - 2 potions of attraction
 k - 2 potions of curing
 l - a potion of might {unknown}
 m - 2 potions of magic
 s - a potion of brilliance {unknown}
 v - a potion of invisibility
 x - 2 potions of mutation {unknown}
 A - a potion of flight {unknown}
 D - a potion of heal wounds


   Skills:
 - Level 2.1 Fighting
 + Level 13.9 Polearms
 - Level 2.0 Throwing
 + Level 9.3 Dodging


You had 8 spell levels left.
You didn't know any spells.
Your spell library was empty.

Dungeon Overview and Level Annotations

Branches:
Dungeon (7/15)             Temple (0/1) D:7

Altars:
Cheibriados
Elyvilon
Hepliaklqana
Nemelex Xobeh
Ru
Yredelemnul
Zin

Shops:
D:4 [

Annotations:
D:6 Harold
D:7 1 transporter


Message History

You barely resist. You hit Harold.
Harold is lightly wounded.
Harold hits you with a +0 scimitar.
You puncture Harold!
Harold is lightly wounded.
You hit Harold but do no damage.
Harold is lightly wounded.
Harold hits you with a +0 scimitar.
You hit Harold but do no damage.
Harold is lightly wounded.
You hit Harold.
Harold is moderately wounded.
Harold hits you with a +0 scimitar!
You hit Harold.
Harold is moderately wounded.
You hit Harold but do no damage.
Harold is moderately wounded.
Harold hits you with a +0 scimitar!!
You die...

######################
#....................#
#.....@...>..........#
#.....@>.[...[.......#
#........#[###########
#........#[#
#...[....#.#
#........#†#
##########.#
#.############
#[...........#


You could see Harold.

Vanquished Creatures
  Maggie (D:7)
  Eustachio (D:5)
  2 orc warriors
  A black bear (D:6)
  2 ogres
  3 lemures (D:7)
  2 bullfrogs (D:6)
  A gnoll sergeant (D:6)
  5 wights (D:6)
  A howler monkey (D:7)
  A centaur zombie (D:5)
  A hound (D:5)
  A jelly (D:5)
  A centaur skeleton (D:6)
  An iguana (D:6)
  2 orc wizards
  Natasha (thrice) (D:3)
  3 worker ants
  Robin (D:3)
  9 gnolls
  10 adders
  A shadow imp (D:6)
  2 ufetubi (D:6)
  An ooze (D:1)
  An adder skeleton (D:4)
  2 dart slugs (D:1)
  4 leopard geckos
  8 orcs
  3 giant cockroaches
  17 goblins
  9 hobgoblins
  5 ball pythons
  3 bats
  6 frilled lizards
  8 kobolds
  10 rats
132 creatures vanquished.

Notes
Turn   | Place    | Note
-------+----------+-------------------------------------------
     0 | D:1      | Gwenloh the Merfolk Gladiator began the quest for the Orb.
     0 | D:1      | Reached XP level 1. HP: 16/16 MP: 1/1
    63 | D:1      | Reached skill level 5 in Polearms
    63 | D:1      | Reached XP level 2. HP: 22/22 MP: 2/2
   548 | D:1      | Reached skill level 6 in Polearms
   548 | D:1      | Reached XP level 3. HP: 23/27 MP: 3/3
  1110 | D:2      | Found a white marble altar of Elyvilon.
  1152 | D:2      | Found a hazy altar of Hepliaklqana.
  1154 | D:2      | Found a snail-covered altar of Cheibriados.
  1540 | D:2      | Reached XP level 4. HP: 33/33 MP: 4/4
  1544 | D:2      | Reached skill level 7 in Polearms
  2395 | D:3      | Noticed Natasha
  2409 | D:2      | Found a sacrificial altar of Ru.
  2476 | D:3      | Killed Natasha
  2477 | D:3      | Reached skill level 8 in Polearms
  2477 | D:3      | Reached XP level 5. HP: 24/38 MP: 5/5
  2976 | D:3      | Noticed Robin
  2991 | D:3      | Killed Robin
  2992 | D:3      | Reached skill level 9 in Polearms
  3076 | D:3      | Noticed Natasha
  3088 | D:3      | Killed Natasha
  3089 | D:3      | Reached XP level 6. HP: 44/44 MP: 6/6
  3168 | D:3      | Noticed Natasha
  3176 | D:3      | Killed Natasha
  3740 | D:4      | Found a sparkling altar of Nemelex Xobeh.
  3966 | D:4      | Found Fualeic's Armour Shop.
  4003 | D:5      | Entered Level 5 of the Dungeon
  4056 | D:5      | Noticed Eustachio
  4080 | D:5      | Killed Eustachio
  4081 | D:5      | Reached skill level 10 in Polearms
  4330 | D:5      | Reached skill level 11 in Polearms
  4330 | D:5      | Reached XP level 7. HP: 22/50 MP: 7/7
  4761 | D:5      | Got a warped ring mail
  4772 | D:5      | Identified the +1 ring mail of Zasmiptia {rN++} (You found
                  | it on level 5 of the Dungeon)
  5051 | D:5      | Found a glowing silver altar of Zin.
  5297 | D:6      | Reached skill level 5 in Dodging
  6517 | D:6      | Reached skill level 12 in Polearms
  6517 | D:6      | Reached XP level 8. HP: 54/56 MP: 8/8
  6798 | D:6      | Found a basalt altar of Yredelemnul.
  7034 | D:6      | Identified the +4 hunting sling "Gunuorch" {vorpal, rF+
                  | Str+9 Int-2 Stlth+}
  7087 | D:6      | Reached skill level 13 in Polearms
  8273 | D:7      | Noticed Maggie
  8304 | D:7      | Killed Maggie
  8305 | D:7      | Reached XP level 9. HP: 32/61 MP: 9/9
  8449 | D:7      | Found a transporter.
  8563 | D:7      | Found a staircase to the Ecumenical Temple.
  8573 | D:7      | Noticed Harold
  8662 | D:6      | Slain by Harold

Illustrated notes

Levels and vault maps discovered:
D:1:      erik_arrival_blinker_ship, layout_basic, palyth_stone_intersect,
          roderic_filled_cross
D:2:      layout_basic, nicolae_overflow_hidden_temple
D:3:      layout_loops_ring, gup_sewer_entry_bubbles, uniq_natasha, uniq_robin
D:4:      layout_cave_pools, serial_shops, kennysheep_little_box,
          nemelex_xobeh_ov_fountains_minmay
D:5:      layout_loops_corners, lemuel_coloured_pillars_altar, uniq_eustachio
D:6:      layout_basic, yredelemnul_altar_generic
D:7:      layout_basic, minmay_temple_entry_hall, gammafunk_ghost_stat_death,
          uniq_pikel, uniq_maggie, uniq_harold

Skill      XL: |  1  2  3  4  5  6  7  8 |
---------------+-------------------------+-----
Polearms       | 5 6 8 9 11 12 13 | 13.9
Dodging        | 6 9 |  9.3
Fighting       | |  2.1
Throwing       | |  2.0

Action                   |  1- 3 |  4- 6 |  7- 9 || total
-------------------------+-------+-------+-------++-------
Melee: Trident           |    88 |   190 |   296 ||   574
Throw: Javelin           |       |    13 |     3 ||    16
       Dart              |       |       |    21 ||    21
       Throwing net      |       |       |     1 ||     1
  Use: Scroll            |       |     9 |     3 ||    12
       Potion            |       |     1 |     2 ||     3
 Stab: Sleeping          |     8 |     5 |     2 ||    15
       Held in net/web   |       |       |     1 ||     1
Armor: Leather armour    |     7 |    36 |    11 ||    54
       Ring mail         |       |       |    13 ||    13
       Swamp dragon scal |       |       |     2 ||     2
Dodge: Dodged            |    41 |    88 |   101 ||   230
